cohdb
Replays
Latest Replays
All Replays
Popular Replays
Top Player Replays
Match Explorer
How It Works
Community
CoH3 Stats
Reddit
Sign in to upload your games and track your stats! →
Sign in with Steam
Match 38642004
Unlisted
Match 38642004
Overview
Messages
Build Orders
End
Panzergrenadier Squad
250 Light Carrier
Panzergrenadier Squad
Construct Light Support Kompanie
Assault Grenadier Squad
Selects Armored Support Battlegroup
Selects Superior Fire Drills
Construct Mechanized Kompanie
Selects Salvage Kits
8 Rad Armored Car
Vehicle Survival Package
Assault Mechanized Group
Marder III Tank Destroyer
Combat Half-tracks
Grizzly
austinZeroThree
BigTiddyLebron
Genki
0
0
Comments
sign in to comment!
No comments posted yet!